 Dungeon Crawl Stone Soup version 0.21-a0-360-g65c131b (webtiles) character file.

459 DricusGP the Cudgeler (level 7, 0/44 HPs)
             Began as a Gargoyle Gladiator on Oct 13, 2017.
             Was an Initiate of Trog.
             Killed by divine providence
             ... invoked by an orc priest
              (11 damage)
             ... on level 5 of the Dungeon.
             The game lasted 00:06:58 (4417 turns).

DricusGP the Cudgeler (Gargoyle Gladiator)          Turns: 4417, Time: 00:06:59

Health: 0/44       AC: 14    Str: 18    XL:     7   Next: 6%
Magic:  7/7        EV:  7    Int:  9    God:    Trog [......]
Gold:   323        SH:  0    Dex: 12    Spells: 6/6 levels left

rFire    . . .     SeeInvis .   a - +0 flail
rCold    . . .     Gourm    .   (no shield)
rNeg     + . .     Faith    .   n - +0 chain mail
rPois    ∞         Spirit   .   c - +0 helmet
rElec    +         Reflect  .   m - +0 cloak
rCorr    .         Harm     .   (no gloves)
MR       .....                  (no boots)
Stlth    ..........             (no amulet)
HPRegen  0.14/turn              (no ring)
MPRegen  0.10/turn              (no ring)

@: no status effects
A: negative energy resistance 1, electricity resistance, unbreathing,
petrification resistance, rot immunity, AC +4
a: Burn Spellbooks, Renounce Religion


You were on level 5 of the Dungeon.
You worshipped Trog.
Trog was noncommittal.
You were not hungry.

You visited 2 branches of the dungeon, and saw 6 of its levels.

You collected 323 gold pieces.

Inventory:

Hand Weapons
 a - a +0 flail (weapon)
Missiles
 d - 3 throwing nets (quivered)
Armour
 c - a +0 helmet (worn)
 m - a +0 cloak (worn)
 n - a +0 chain mail (worn)
Jewellery
 b - an uncursed ring of ice
Wands
 v - a wand of lightning (9/15)
 C - a wand of scattershot (1/9)
Scrolls
 i - a scroll of immolation
 j - 4 scrolls of remove curse
 l - a scroll of teleportation
 p - a scroll of noise {unknown}
 r - a scroll of enchant weapon {unknown}
 w - a scroll of recharging {unknown}
 y - a scroll of magic mapping {unknown}
 D - a scroll of identify {@r9}
 F - a scroll of fear {unknown}
Potions
 e - 2 potions of haste
 g - a potion of cancellation
 o - 6 potions of curing {@q9}
 q - a potion of resistance
 s - a potion of flight
 t - 2 potions of mutation
 u - 2 potions of berserk rage
 x - 3 potions of heal wounds
 B - a potion of brilliance {unknown}
 E - a potion of ambrosia {unknown}
Comestibles
 f - 6 bread rations
 h - a fruit
 k - 6 meat rations
 z - 3 royal jellies
 A - 2 chunks of flesh


   Skills:
 + Level 4.9 Fighting
 * Level 6.6 Maces & Flails
 - Level 1.7 Throwing
 - Level 2.4 Dodging


You had 6 spell levels left.
You didn't know any spells.

Dungeon Overview and Level Annotations

Branches:
Dungeon (5/15)             Temple (1/1) D:4

Altars:
Ashenzari
Cheibriados
Dithmenos
Elyvilon
Fedhas
Gozag
Hepliaklqana
Kikubaaqudgha
Makhleb
Nemelex Xobeh
Okawaru
Qazlal
Ru
Sif Muna
Trog
Uskayaw
Wu Jian
Yredelemnul

Annotations:
D:5 1 transporter, Edmund, Pikel


Innate Abilities, Weirdness & Mutations

You are resistant to torment.
Your stone body is resilient. (AC +4)
You are immune to poison.
You resist negative energy. (rN+)
You are resistant to electric shocks. (rElec)
You can survive without breathing.
You are immune to petrification.
You are immune to rotting.


Message History

You are too injured to fight recklessly!
You are too injured to fight recklessly!
You are too injured to fight recklessly!
You are too injured to fight recklessly!
You are too injured to fight recklessly!
You barely miss Pikel.
Pikel is heavily wounded.
Pikel hits you with a whip of flaming.
* * * LOW HITPOINT WARNING * * *
Pikel burns you.
* * * LOW HITPOINT WARNING * * *
You sock Pikel!
Pikel is severely wounded.
Pikel drinks a potion.
Pikel is healed!
You thump Pikel!
Pikel is severely wounded.
Pikel hits you but does no damage.
The orc priest invokes the aid of Beogh against you.
Beogh smites you!
You die...

# #. #.. #... #§§.§.§.§§ #...p
#§§....§§§# #...op#### #.§.$![§§§
#...@oK@.## §.§$©)§§.
#...[w##..############ #...<
##......##.©.# ##.. ####...##...#
###########. #..##....####
..........( ##......>....#
..######## #..###.####...
#.##################.####.######.
..............(.....[............


You could see Edmund, Pikel, 2 slaves, a worm, an orc priest and an orc.

Vanquished Creatures
  A slave (D:5)
  A water moccasin zombie (D:5)
  A howler monkey (D:4)
  A crimson imp (D:3)
  Crazy Yiuf (D:3)
  Jessica (D:3)
  Terence (D:3)
  Natasha (D:3)
  A worker ant (D:4)
  A hound skeleton (D:4)
  A howler monkey zombie (D:5)
  4 adders
  A shadow imp (D:5)
  An ooze (D:3)
  2 adder skeletons (D:4)
  2 worms
  4 dart slugs
  12 orcs (D:3)
  14 bats
  3 giant cockroaches
  10 hobgoblins
  4 jackals (D:5)
  2 ball pythons (D:1)
  7 frilled lizards
  16 goblins
  11 kobolds
  6 rats
  A fungus (D:3)
111 creatures vanquished.

Vanquished Creatures (others)
  An orc wizard (D:5)
  4 orcs (D:5)
5 creatures vanquished.

Grand Total: 116 creatures vanquished

Notes
Turn   | Place    | Note
-------+----------+-------------------------------------------
     0 | D:1      | DricusGP the Gargoyle Gladiator began the quest for the Orb.
     0 | D:1      | Reached XP level 1. HP: 12/12 MP: 1/1
   426 | D:1      | Reached XP level 2. HP: 18/18 MP: 2/2
   872 | D:1      | Reached XP level 3. HP: 22/22 MP: 3/3
  1027 | D:2      | Reached skill level 4 in Maces & Flails
  1771 | D:3      | Reached XP level 4. HP: 28/28 MP: 4/4
  1859 | D:3      | Noticed Jessica
  1894 | D:3      | Killed Jessica
  1907 | D:3      | Reached skill level 5 in Maces & Flails
  1907 | D:3      | Reached XP level 5. HP: 8/33 MP: 5/5
  2172 | D:3      | Noticed Terence
  2196 | D:3      | Killed Terence
  2578 | D:3      | Found a runed door.
  2586 | D:3      | Noticed Crazy Yiuf
  2593 | D:3      | Killed Crazy Yiuf
  2723 | D:3      | Reached XP level 6. HP: 36/38 MP: 6/6
  2865 | D:3      | Noticed Natasha
  2877 | D:3      | Killed Natasha
  3018 | D:4      | Reached skill level 6 in Maces & Flails
  3628 | D:4      | Found a staircase to the Ecumenical Temple.
  3636 | Temple   | Entered the Ecumenical Temple
  3661 | Temple   | Became a worshipper of Trog the Wrathful
  4202 | D:5      | Entered Level 5 of the Dungeon
  4246 | D:5      | Reached XP level 7. HP: 39/44 MP: 7/7
  4363 | D:5      | Found a transporter.
  4380 | D:5      | Noticed Edmund
  4383 | D:5      | Noticed Pikel
  4417 | D:5      | Killed from afar by an orc priest

Vault maps used:
D:1:      dpeg_arrival_radiant
D:2:      first_bread
D:3:      corexii_shack_village, minmay_gold_behind_fungi, uniq_terence,
          uniq_crazy_yiuf_cottage, uniq_natasha, uniq_jessica
D:4:      minmay_temple_entry_grid
D:5:      gammafunk_cloud_chamber, grunt_temple_overflow_order_and_chaos_1,
          uniq_pikel, uniq_edmund
Temple:   compressed_dpeg_circular_temple

Skill      XL: |  1  2  3  4  5  6 |
---------------+-------------------+-----
Maces & Flails | 4 5 6 |  6.6
Fighting       | 3 4 |  4.9
Throwing       | |  1.7
Dodging        | |  2.4

Action                   |  1- 3 |  4- 6 |  7- 9 || total
-------------------------+-------+-------+-------++-------
Melee: Flail             |   167 |   238 |    48 ||   453
Invok: Burn Spellbooks   |       |     1 |       ||     1
  Use: Potion            |       |     1 |       ||     1
       Scroll            |       |    12 |       ||    12
  Eat: Chunk             |     3 |     8 |     1 ||    12
Armor: Leather armour    |    73 |    39 |       ||   112
       Chain mail        |       |   119 |    31 ||   150
Dodge: Dodged            |   126 |   119 |     7 ||   252

Table legend:
 A = Spawn XP
 B = Non-spawn XP
 C = Spawn XP percentage of total XP
 D = Spawn monster count
 E = Non-spawn monster count
 F = Spawn count percentage of total count
 G = Total turns spent on level
                    A         B        C        D         E        F      G
               +---------+---------+-------+---------+---------+-------+---------
         Total |       0 |     657 |   0.0 |       0 |     109 |   0.0 |  4417
               +---------+---------+-------+---------+---------+-------+---------
           D:1 |       0 |      37 |   0.0 |       0 |      25 |   0.0 |  1074
           D:2 |       0 |      41 |   0.0 |       0 |      23 |   0.0 |   625
           D:3 |       0 |     311 |   0.0 |       0 |      44 |   0.0 |  1308
           D:4 |       0 |     134 |   0.0 |       0 |       9 |   0.0 |  1065
           D:5 |       0 |     134 |   0.0 |       0 |       8 |   0.0 |   215
               +---------+---------+-------+---------+---------+-------+---------
